 Dungeon Crawl Stone Soup version 0.17-a0-1591-g7a45446 (webtiles) character file.

178 Arcaseus the Poker (level 5, -1/35 HPs)
             Began as a Merfolk Skald on July 29, 2015.
             Slain by a worker ant (3 damage)
             ... on level 4 of the Dungeon.
             The game lasted 00:18:01 (3117 turns).

Arcaseus the Poker (Merfolk Skald)                  Turns: 3117, Time: 00:18:01

Health: -1/35      AC:  6    Str: 12      XL:     5   Next: 58%
Magic:  5/8        EV: 12    Int: 14      God:
Gold:   183        SH:  0    Dex: 12 (14) Spells: 3 memorised, 4 levels left

rFire  . . .     SeeInvis .     a - +1 spear
rCold  . . .     Clarity  .     w - +0 leather armour
rNeg   . . .     SustAt   .     (no shield)
rPois  .         Gourm    .     m - +1 helmet
rElec  .         Spirit   .     o - +0 cloak
rCorr  .         Warding  .     (no gloves)
rMut   .         Stasis   .     (no boots)
MR     .....                    (no amulet)
Stlth  +.........               l - +2 ring of intelligence
                                r - ring of invisibility

@: lethally poisoned (-1 -> -11), not resistant to hostile enchantments, very
unstealthy
A: change form in water, swift swim, frail 1
a: Evoke Invisibility


You were on level 4 of the Dungeon.
You were not hungry.

You visited 1 branch of the dungeon, and saw 4 of its levels.

You collected 183 gold pieces.

Inventory:

Hand weapons
 a - a +1 spear (weapon)
 u - a +1 dagger of venom
Armour
 m - a +1 helmet (worn)
 o - a +0 cloak (worn)
 w - a +0 leather armour (worn)
Jewellery
 e - an uncursed ring of flight
 l - a +2 ring of intelligence (right hand)
 r - a ring of invisibility (left hand)
Scrolls
 f - 4 scrolls of identify
 k - 2 scrolls of fog
 p - a scroll of remove curse
 s - a scroll of enchant weapon
 v - a scroll of amnesia
Potions
 h - a potion of flight
Books
 c - a book of Battle

   Spells                             Type                      Level
   a - Infusion                       Charms                       1
   b - Shroud of Golubria             Charms/Translocation         2
   c - Song of Slaying                Charms                       2
   d - Spectral Weapon                Hexes/Charms                 3
   e - Regeneration                   Charms/Necromancy            3
Comestibles
 q - a meat ration


   Skills:
 + Level 2.5 Fighting
 * Level 4.5 Polearms
 + Level 1.4 Armour
 + Level 3.6 Dodging
 + Level 0.8 Stealth
 + Level 2.5 Spellcasting
 * Level 4.1 Charms


You had 4 spell levels left.
You knew the following spells:

 Your Spells              Type           Power        Failure   Level  Hunger
a - Infusion              Chrm           ##....       8%          1    #......
b - Shroud of Golubria    Chrm/Tloc      #.........   21%         2    ###....
c - Song of Slaying       Chrm           ##......     10%         2    ###....


Dungeon Overview and Level Annotations

Branches:
Dungeon (4/15)
 Temple: D:4-7

Altars:
Ashenzari
Gozag
Sif Muna
Xom
Zin

Shops:
D:2 *


Innate Abilities, Weirdness & Mutations

You revert to your normal form in water.
You are very nimble and swift while swimming.
You are frail (-10% HP).


Message History

You hit the worker ant but do no damage.
The worker ant is heavily wounded.
* * * LOW HITPOINT WARNING * * *
You feel sick.
The worker ant waves its antennae.
The worker ant bites you.
* * * LOW HITPOINT WARNING * * *
You barely miss the worker ant.
The worker ant is heavily wounded.
* * * LOW HITPOINT WARNING * * *
You feel sick. The worker ant misses you.
You closely miss the worker ant.
The worker ant is heavily wounded.
* * * LOW HITPOINT WARNING * * *
You feel sick.
The worker ant bites you but does no damage.
You closely miss the worker ant.
The worker ant is heavily wounded.
The worker ant bites you.
You die...

#### ###..###### #
##.........## .##
##..####.....###
#..## #..##
##......####....##
..##
#######.@a.......
<## ##.....### ##
#######


You could see a worker ant (inner flame).

Vanquished Creatures
  2 orc wizards (D:3)
  5 adders
  An ooze (D:3)
  A giant gecko (D:1)
  4 orcs (D:3)
  A ball python (D:3)
  10 bats
  A bat skeleton (D:3)
  2 giant cockroaches
  13 goblins
  7 hobgoblins
  6 jackals
  A quokka (D:2)
  6 giant newts (D:1)
  6 kobolds
  8 rats
74 creatures vanquished.

Vanquished Creatures (others)
  A goblin (D:3)
1 creature vanquished.

Grand Total: 75 creatures vanquished

Notes
Turn   | Place    | Note
--------------------------------------------------------------
     0 | D:1      | Arcaseus the Merfolk Skald began the quest for the Orb.
     0 | D:1      | Reached XP level 1. HP: 16/16 MP: 3/3
   365 | D:1      | Reached XP level 2. HP: 19/22 MP: 5/5
   508 | D:1      | Reached skill level 1 in Armour
   710 | D:1      | Reached XP level 3. HP: 27/27 MP: 6/6
  1328 | D:2      | Reached XP level 4. HP: 31/33 MP: 7/7
  1341 | D:2      | Found a shattered altar of Ashenzari.
  1418 | D:2      | Found an opulent altar of Gozag.
  1422 | D:2      | Found Gozag's Platinum Reserve.
  1518 | D:2      | Learned a level 2 spell: Shroud of Golubria
  1521 | D:2      | Learned a level 2 spell: Song of Slaying
  1939 | D:3      | Reached skill level 4 in Polearms
  2152 | D:3      | Gained mutation: You are frail (-10% HP). [potion of mutation]
  2152 | D:3      | Gained mutation: Your spells are a little harder to cast, but a little more powerful. [potion of mutation]
  2152 | D:3      | Lost mutation: Your spells are a little harder to cast, but a little more powerful. [potion of mutation]
  2200 | D:3      | Reached XP level 5. HP: 4/34 MP: 8/8
  2692 | D:3      | Found a shimmering altar of Xom.
  2693 | D:3      | Found a deep blue altar of Sif Muna.
  2793 | D:3      | Found a glowing silver altar of Zin.
  3117 | D:4      | Slain by a worker ant

Vault maps used:
D:1:      dpeg_arrival_windows_large_door, minmay_misc_feat_rows,
          minmay_lizard_king
D:2:      nicolae_ashenzari_panopticon, nicolae_gozag_zags_fifth_avenue
D:3:      zin_statuary, minitemple
D:4:      kennysheep_mini_moat, first_bread

Action                   |  1- 3 |  4- 6 || total
-------------------------+-------+-------++-------
Melee: Spear             |   161 |   238 ||   399
 Cast: Infusion          |     1 |       ||     1
       Shroud of Golubri |       |    10 ||    10
  Use: Potion            |       |     6 ||     6
       Scroll            |       |     5 ||     5
 Stab: Sleeping          |     1 |       ||     1
       Distracted        |       |     1 ||     1
  Eat: Chunk             |     2 |     1 ||     3
       Pizza             |       |     1 ||     1
       Bread ration      |       |     1 ||     1
